AoeStats
← [GG] Shevchenko 7

MegaRandom

509799230Analyzed
3v3 RM · 5d ago on Sep 28, 2026· 56m 38s· 6 players
Game mode
Random Map
Map size
Normal (6 player)
Population
200
Speed
Normal
Resources
Standard
Victory
Conquest
Starting age
Dark Age
Ending age
Imperial Age
RankedLock teamsTeams togetherTeam positionsShared explorationLock speedFull tech treeHidden civsTurbo modeCheats
Victory
Defeat
🇧🇷 Portuguese · Brazil
960
+13
🇧🇷 Lithuanians · Brazil
956
+13
928
+14
🇨🇱 Italians · Chile
1115
-21
🇨🇱 Hindustanis · Chile
826
-11
🇨🇱 Chinese · Chile
733
-8
SEXO FUERTE
1:15 Loom
12:55 Feudal Age
13:33 Double-Bit Axe
14:26 Wheelbarrow
16:56 Horse Collar
25:55 Castle Age
23:52 Stone Mining
23:52 Gold Mining
28:22 Stone Shaft Mining
28:08 Hand Cart
28:22 Squires
27:47 Pikeman
36:04 Fletching
36:15 Padded Archer Armor
36:41 Bow Saw
36:33 Heavy Plow
37:42 Bodkin Arrow
44:18 Imperial Age
42:20 Thumb Ring
43:28 Leather Archer Armor
43:32 Scale Barding Armor
43:45 Bloodlines
44:23 Gold Shaft Mining
44:29 Husbandry
43:50 Light Cavalry
48:01 Two-Man Saw
47:32 Ballistics
48:12 Chemistry
47:17 Bracer
48:57 Capped Ram
49:48 Siege Ram
52:41 Conscription
54:15 Halberdier
55:30 Ring Archer Armor
55:11 Forging
h33posk
5:25 Loom
11:23 Feudal Age
11:42 Loom
13:14 Double-Bit Axe
15:53 Castle Age
14:34 Horse Collar
15:06 Stone Mining
18:07 Fletching
20:08 Ballistics
20:50 Bodkin Arrow
26:01 Bow Saw
25:35 Crossbowman
26:26 Town Watch
27:04 Padded Archer Armor
34:21 Imperial Age
32:31 Wheelbarrow
36:29 Hand Cart
38:14 Chemistry
38:29 Conscription
38:17 Bracer
38:33 Leather Archer Armor
40:23 Ring Archer Armor
41:58 Masonry
43:27 Gold Mining
43:26 Elite Genoese Crossbowman
43:39 Onager
Murduk1312
8:35 Loom
10:21 Feudal Age
16:36 Castle Age
19:16 Horse Collar
23:33 Heavy Plow
32:34 Bloodlines
31:51 Pikeman
33:21 Husbandry
33:55 Scale Barding Armor
34:00 Forging
35:01 Chain Barding Armor
44:47 Imperial Age
46:20 Wheelbarrow
45:30 Town Watch
47:16 Iron Casting
49:26 Blast Furnace
50:33 Heavy Camel Rider
[GG] Raúl González Blanco
2:36 Loom
10:40 Feudal Age
16:09 Bloodlines
21:51 Castle Age
21:43 Scale Barding Armor
24:10 Town Watch
24:50 Double-Bit Axe
25:30 Kamandaran
28:38 Town Patrol
28:03 Crossbowman
29:22 Horse Collar
29:51 Fletching
30:02 Padded Archer Armor
33:08 Wheelbarrow
36:21 Hand Cart
36:25 Bow Saw
36:19 Heavy Plow
40:36 Imperial Age
38:49 Bodkin Arrow
39:24 Thumb Ring
40:14 Cavalier
40:54 Husbandry
41:00 Onager
42:55 Chemistry
42:16 Ballistics
41:51 Murder Holes
41:44 Pikeman
42:24 Squires
42:10 Arson
44:05 Two-Man Saw
44:03 Leather Archer Armor
43:59 Forging
43:50 Light Cavalry
44:55 Chain Barding Armor
48:00 Iron Casting
48:00 Plate Barding Armor
47:56 Ring Archer Armor
49:47 Crop Rotation
49:49 Savar
53:36 Scale Mail Armor
54:37 Blast Furnace
55:33 Chain Mail Armor
55:32 Masonry
57:02 Citadels
[GG] Shevchenko 7
11:47 Feudal Age
10:49 Loom
16:02 Castle Age
24:15 Double-Bit Axe
24:18 Horse Collar
25:26 Bow Saw
25:34 Heavy Plow
31:17 Imperial Age
34:48 Wheelbarrow
37:03 Hand Cart
37:11 Light Cavalry
38:03 Scale Barding Armor
39:17 Chain Barding Armor
39:08 Forging
38:49 Fletching
39:00 Padded Archer Armor
39:06 Scale Mail Armor
39:35 Elite Organ Gun
44:08 Bloodlines
44:01 Husbandry
44:39 Plate Barding Armor
44:00 Bodkin Arrow
44:20 Leather Archer Armor
44:42 Iron Casting
44:33 Ballistics
45:14 Chemistry
47:50 Cavalier
48:48 Arquebus
48:49 Circumnavigation
[GG] Trezeguet
8:43 Loom
12:08 Feudal Age
12:33 Horse Collar
12:42 Double-Bit Axe
21:01 Castle Age
20:41 Gold Mining
22:05 Wheelbarrow
22:35 Husbandry
21:57 Light Cavalry
22:46 Scale Mail Armor
22:52 Scale Barding Armor
23:35 Hand Cart
23:36 Heavy Plow
37:50 Imperial Age
35:52 Elite Skirmisher
38:06 Ballistics
37:53 Fletching
38:03 Padded Archer Armor
38:23 Bloodlines
38:23 Bodkin Arrow
40:16 Chemistry
39:49 Bracer
44:51 Cavalier
49:49 Chain Barding Armor
49:40 Forging
51:50 Paladin
52:52 Chain Mail Armor
53:12 Iron Casting
Connection lost

Rejoining the realm…

Still unreachable

The connection could not be restored.

Session expired

The server has moved on; the page needs a fresh start.